 Dungeon Crawl Stone Soup version 0.21.1-1-g345015fe64 (webtiles) character file.

93 Fascinator the Ruffian (level 4, -1/37 HPs)
             Began as a Draconian Transmuter on July 6, 2018.
             Slain by Grinder (3 damage)
             ... while paralysed by Grinder
             ... on level 3 of the Dungeon.
             The game lasted 00:02:05 (1518 turns).

Fascinator the Ruffian (Draconian Transmuter)       Turns: 1518, Time: 00:02:05

Health: -1/37      AC:  5    Str: 13    XL:     4   Next: 36%
Magic:  7/7        EV:  2    Int: 14    God:
Gold:   85         SH:  0    Dex: 11    Spells: 7/8 levels left

rFire    . . .     SeeInvis .   e - +0 halberd
rCold    . . .     Gourm    .   (shield currently unavailable)
rNeg     . . .     Faith    .   (armour unavailable)
rPois    .         Spirit   .   (helmet restricted)
rElec    .         Reflect  .   (no cloak)
rCorr    .         Harm     .   (no gloves)
MR       .....                  (no boots)
Stlth    +.........             (no amulet)
HPRegen  0.12/turn              (no ring)
MPRegen  0.10/turn              (no ring)

@: paralysed
A: unfitting armour, cold-blooded, AC +5
a: no special abilities


You were on level 3 of the Dungeon.
You were very hungry.

You visited 1 branch of the dungeon, and saw 4 of its levels.

You collected 85 gold pieces.

Inventory:

Hand Weapons
 e - a +0 halberd (weapon)
Missiles
 a - 12 arrows
Scrolls
 d - 2 scrolls of immolation {unknown}
 f - a scroll of enchant weapon {unknown}
 g - a scroll of remove curse {unknown}
 h - a scroll of identify {unknown}
Books
 b - a book of Changes

   Spells                             Type                      Level
   a - Beastly Appendage              Transmutation                1
   b - Sticks to Snakes               Transmutation                2
   c - Spider Form                    Transmutation/Poison         3
   d - Ice Form                       Ice/Transmutation            4
   e - Blade Hands                    Transmutation                5
Comestibles
 c - 3 rations


   Skills:
 * Level 2.8 Fighting
 + Level 2.3 Dodging
 + Level 3.4 Unarmed Combat
 + Level 2.5 Spellcasting
 + Level 2.6 Transmutations


You had 7 spell levels left.
You knew the following spells:

 Your Spells              Type           Power        Failure   Level  Hunger
a - Beastly Appendage     Tmut           #.....       8%          1    #......


Dungeon Overview and Level Annotations

Branches:
Dungeon (4/15)
 Temple: D:4-7

Altars:

Annotations:
D:3 Grinder


Innate Abilities, Weirdness & Mutations

Your plain brown scales are hard. (AC +5)
You cannot fit into any form of body armour.
You are cold-blooded and may be slowed by cold attacks.


Message History

Your tail-slap misses Grinder.
You hear a shout!
Grinder barely misses you. Grinder gestures at you.
Pain shoots through your body!
An orc comes into view.
You closely miss Grinder. The orc hits you with a flail. Grinder hits you.
You slash Grinder!
Grinder is lightly wounded.
Grinder gestures at you.
You suddenly lose the ability to move!
The orc hits you but does no damage. Grinder hits you.
You writhe in agony.
The orc hits you with a flail!
* * * LOW HITPOINT WARNING * * *
Grinder hits you.
* * * LOW HITPOINT WARNING * * *
You writhe in agony.
* * * LOW HITPOINT WARNING * * *
Grinder hits you.
You die...

######## #......#
#########.####.####
#.o5@........#....#
#...o.###.##......#
#....$...#
#.####....###
#.##.....#
#.#.........# #
#.....#
#......#..#.#
###########.#.##..#
# #####..........#
.......#.#..##.#
.......>.#..# .#


You could see Grinder and 2 orcs.

Vanquished Creatures
  An iguana (D:4)
  A worker ant (D:4)
  A gnoll (D:1)
  An ooze (D:1)
  A dart slug (D:1)
  A leopard gecko (D:1)
  A bat (D:2)
  4 goblins
  A hobgoblin (D:1)
  3 jackals (D:1)
  3 kobolds
  2 frilled lizards (D:1)
  10 rats
30 creatures vanquished.

Notes
Turn   | Place    | Note
-------+----------+-------------------------------------------
     0 | D:1      | Fascinator the Draconian Transmuter began the quest for the Orb.
     0 | D:1      | Reached XP level 1. HP: 16/16 MP: 3/3
   125 | D:1      | Reached XP level 2. HP: 15/24 MP: 3/5
   560 | D:1      | Reached XP level 3. HP: 18/29 MP: 6/6
  1191 | D:2      | You fall through a shaft for 2 floors!
  1202 | D:4      | Reached XP level 4. HP: 16/37 MP: 7/7
  1508 | D:3      | Noticed Grinder
  1516 | D:3      | Paralysed by Grinder for 6 turns
  1518 | D:3      | Slain by Grinder

Skill      XL: |  1  2 |
---------------+-------+-----
Dodging        | 2 |  2.3
Fighting       | 2 |  2.8
Unarmed Combat | |  3.4
Spellcasting   | |  2.5
Transmutations | |  2.6

Action                   |  1- 3 |  4- 6 || total
-------------------------+-------+-------++-------
Melee: Unarmed           |    19 |       ||    19
       Kick              |     1 |       ||     1
       Headbutt          |     1 |       ||     1
       Punch             |     1 |       ||     1
       Halberd           |    96 |     6 ||   102
       Tailslap          |     2 |       ||     2
 Cast: Beastly Appendage |     2 |       ||     2
 Stab: Sleeping          |     4 |     1 ||     5
  Eat: Chunk             |     1 |       ||     1
Armor: Skin              |    29 |     1 ||    30
Dodge: Dodged            |    81 |     3 ||    84
